Map: 킹스 코브 - 래더

Players

Ragnarok (SHIN) - Winner!

  • Race: Zerg Zerg
  • Spawn Location: 5:00

llllllllllll (Oliveira)

  • Race: Terran Terran
  • League: Master
  • Spawn Location: 11:00

Event: 2019 Assembly Summer

VOD

Have the link to the VOD?

Description

Time

  • Played on: Aug. 2, 2019, 7:16 a.m.
  • Length: 15:58

All games in this series

Show
View Real Time Build Order
Export as new Build Order

Ragnarok Zerg - Winner!

Build Orders: Hatch First, Muta Ling Bane 

Get SALT Encoding   

  12  0:00  Drone  
  13  0:08  Drone  
  14  0:17  Overlord  
  14  0:22  Extractor  
  14  0:23  Drone  
  15  0:36  Drone x2  
  17  0:52  Hatchery  
  17  0:56  Drone  
  17  0:59  Drone  
  18  1:09  Extractor  
  17  1:14  Spawning Pool  
  17  1:17  Drone  
  17  1:20  Drone  
  18  1:27  Drone  
  19  1:43  Drone  
  20  2:00  Zergling x2  
  20  2:01  Zergling x2  
  22  2:03  Queen x2  
  22  2:04  Drone  
  27  2:10  Overlord  
  28  2:15  Drone  
  28  2:23  Metabolic Boost  
  28  2:29  Drone x2  
  30  2:31  Drone  
  30  2:36  Drone  
  32  2:39  Queen  
  32  2:42  Drone  
  35  2:47  Drone  
  36  2:54  Overlord  
  36  2:57  Overlord  
  36  3:08  Drone, Extractor  
  36  3:10  Overlord  
  36  3:13  Drone x2  
  36  3:17  Hatchery, Drone x2  
  40  3:20  Drone  
  40  3:24  Queen  
  43  3:28  Drone  
  43  3:31  Drone  
  45  3:38  Drone  
  45  3:41  Drone  
  47  3:44  Zergling x6  
  50  3:49  Zergling x2  
  50  3:52  Overlord  
  50  3:53  Drone x3  
  54  4:01  Drone  
  54  4:05  Zergling x2  
  54  4:06  Queen  
  57  4:12  Baneling Nest  
  57  4:15  Spore Crawler, Drone  
  56  4:17  Spore Crawler, Drone x4  
  56  4:18  Extractor  
  56  4:22  Zergling x4  
  56  4:23  Drone  
  61  4:28  Drone x2  
  61  4:31  Overlord  
  63  4:34  Queen  
  63  4:38  Drone x2  
  67  4:41  Zergling x2  
  67  4:42  Spore Crawler  
  67  4:43  Queen  
  68  4:49  Drone x2  
  70  4:54  Drone x4  
  70  4:59  Zergling x2  
  75  5:02  Lair  
  75  5:03  Drone  
  75  5:04  Drone, Evolution Chamber  
  76  5:12  Zergling x8  
  73  5:19  Evolution Chamber  
  67  5:21  Drone  
  67  5:22  Drone x3  
  69  5:28  Zergling x4  
  69  5:29  Zergling x2  
  69  5:31  Zerg Melee Weapons Level 1  
  69  5:32  Drone  
  73  5:36  Drone x2  
  73  5:41  Extractor  
  73  5:42  Drone  
  75  5:43  Extractor  
  75  5:44  Evolution Chamber  
  75  5:45  Drone x2  
  75  5:48  Extractor  
  74  5:50  Extractor  
  74  5:52  Drone  
  74  5:56  Drone x2  
  76  6:00  Drone x3  
  79  6:05  Hatchery  
  79  6:06  Drone x3  
  79  6:07  Overlord  
  81  6:14  Zerg Ground Armor Level 1, Overlord  
  81  6:20  Centrifical Hooks  
  81  6:27  Drone x3  
  81  6:28  Drone x2  
  81  6:29  Drone x3  
  89  6:34  Zergling x2  
  89  6:35  Spire, Zergling x6  
  92  6:42  Zergling x8  
  96  6:47  Overlord x3  
  96  6:50  Overlord  
  96  6:54  Overlord  
  96  6:58  Zergling x4  
  96  7:00  Overlord  
  97  7:03  Baneling x5  
  97  7:04  Baneling x4  
  97  7:05  Zergling x6  
  97  7:06  Zergling x2  
  101  7:14  Zergling x14  
  108  7:20  Drone x2  
  108  7:21  Drone x3  
  113  7:28  Drone  
  114  7:30  Drone x2  
  114  7:31  Drone x3  
  113  7:47  Mutalisk  
  113  7:48  Mutalisk x9  
  113  7:51  Drone x3  
  134  7:55  Zergling x2  
  134  7:56  Zergling x4  
  138  8:02  Zerg Flyer Weapons Level 1  
  138  8:04  Drone x3  
  140  8:13  Zerg Melee Weapons Level 2, Zerg Ground Armor Level 2  
  140  8:14  Hatchery  
  140  8:17  Zergling x12  
  144  8:29  Mutalisk x3  
  144  8:33  Pneumatized Carapace  
  150  8:35  Overlord x4  
  148  8:46  Drone  
  148  8:47  Drone  
  150  8:54  Mutalisk x3  
  154  8:56  Mutalisk  
  154  8:58  Zergling x2  
  154  8:59  Zergling x20  
  165  9:04  Infestation Pit  
  165  9:05  Zergling x2  
  165  9:06  Zergling x6  
  168  9:10  Drone x2  
  168  9:11  Drone  
  168  9:13  Zergling x2  
  168  9:14  Zergling x10  
  176  9:21  Mutalisk x3  
  176  9:23  Zergling x8  
  183  9:25  Extractor  
  183  9:26  Overlord  
  183  9:31  Baneling x6  
  182  9:37  Drone x3  
  185  9:41  Hive  
  185  9:42  Zergling x2  
  185  9:43  Zergling x8  
  190  9:47  Zergling x16  
  198  9:54  Overlord  
  196  10:02  Baneling  
  196  10:03  Baneling x16  
  196  10:06  Overseer  
  196  10:09  Overseer  
  196  10:14  Baneling x2  
  196  10:15  Baneling x2  
  196  10:16  Drone x4  
  196  10:19  Spine Crawler  
  196  10:20  Extractor x2  
  196  10:21  Spore Crawler  
  195  10:36  Zergling x10  
  200  10:43  Baneling x17  
  200  10:44  Baneling x6  
  200  10:47  Baneling x2  
  200  11:01  Adrenal Glands  
  200  11:04  Hatchery  
  200  11:10  Hatchery  
  189  11:20  Zergling x20  
  189  11:21  Zerg Melee Weapons Level 3, Zerg Ground Armor Level 3  
  199  11:29  Zergling x2  
  147  11:49  Mutalisk  
  147  11:50  Mutalisk x2  
  147  11:51  Zergling x10  
  147  11:52  Zergling x58  
  147  11:53  Baneling  
  147  11:54  Baneling x17  
  181  11:57  Ultralisk Cavern, Zergling x10  
  181  11:58  Zergling x10  
  181  11:59  Overlord  
  190  12:08  Zerg Flyer Weapons Level 2  
  190  12:10  Baneling x3  
  190  12:11  Baneling x5, Overlord  
  190  12:14  Overlord  
  190  12:19  Baneling x9  
  190  12:20  Zergling x2  
  190  12:21  Zergling x14  
  198  12:31  Drone x2  
  198  12:33  Baneling x10  
  198  12:34  Baneling x4  
  200  12:38  Hatchery  
  173  12:57  Ultralisk x2  
  162  13:01  Zergling x58  
  162  13:02  Zergling x8  
  162  13:03  Chitinous Plating  
  195  13:10  Zergling x8  
  199  13:13  Baneling  
  199  13:14  Baneling x16  
  199  13:19  Drone x2  
  199  13:22  Baneling  
  199  13:23  Baneling x8  
  199  13:44  Baneling  
  199  13:45  Baneling x8  
  199  14:01  Baneling  
  199  14:02  Baneling x15  
  195  14:22  Anabolic Synthesis  
  195  14:24  Zergling x2  
  195  14:25  Zergling x6  
  189  14:38  Ultralisk x3, Zergling x8  
  167  14:39  Ultralisk, Zergling x58  
  167  14:40  Zergling x2  
  167  14:41  Zergling x8  
  167  14:42  Zergling x2  
  167  14:44  Zergling x2  
  167  14:45  Zergling x2  
  200  14:59  Baneling x12  
  200  15:06  Baneling x26  
  198  15:29  Zergling x4  
  198  15:33  Baneling x11  
  200  15:39  Spore Crawler  
  200  15:41  Zergling x24  
Show
View Real Time Build Order
Export as new Build Order

llllllllllll Terran 

Build Orders: Liberator Opening, Reaper Expand 

Get SALT Encoding   

  12  0:00  SCV  
  13  0:13  SCV  
  14  0:18  Supply Depot  
  14  0:25  SCV  
  15  0:39  SCV  
  15  0:41  Barracks  
  16  0:44  Refinery  
  16  0:51  SCV  
  17  1:03  SCV  
  18  1:15  SCV  
  19  1:28  Reaper, Orbital Command  
  20  1:43  Command Center  
  20  1:52  Supply Depot  
  20  1:54  SCV  
  21  2:00  Marine  
  22  2:06  SCV  
  23  2:10  Factory  
  23  2:16  Refinery  
  23  2:18  SCV  
  24  2:23  Barracks Reactor  
  24  2:30  SCV  
  25  2:43  SCV  
  26  2:54  Starport  
  26  2:55  Orbital Command  
  26  2:56  SCV  
  27  3:03  Hellion x2  
  31  3:10  Marine  
  31  3:11  SCV  
  33  3:14  Liberator  
  33  3:23  SCV  
  33  3:24  Hellion x2  
  39  3:29  Supply Depot  
  41  3:35  SCV  
  41  3:36  SCV  
  41  3:41  Marine  
  43  3:47  SCV  
  45  3:48  SCV  
  45  3:51  Hellion x2  
  45  3:54  Supply Depot  
  50  3:59  Liberator, SCV  
  50  4:00  SCV  
  52  4:04  Barracks Tech Lab  
  52  4:11  SCV  
  52  4:13  SCV  
  57  4:18  Hellion  
  57  4:19  Supply Depot  
  57  4:20  Hellion  
  57  4:23  SCV  
  62  4:27  Stimpack  
  62  4:41  SCV  
  62  4:45  Command Center  
  63  4:47  SCV  
  63  4:51  Supply Depot, Marine  
  65  4:53  Factory Tech Lab  
  65  4:55  SCV  
  65  4:59  Starport Reactor  
  63  5:00  Barracks  
  63  5:01  Barracks  
  63  5:03  SCV  
  64  5:12  Marine  
  59  5:27  Siege Tank  
  59  5:28  Engineering Bay, SCV  
  58  5:29  Engineering Bay  
  58  5:30  Marine, Refinery, SCV  
  58  5:31  Refinery  
  54  5:40  SCV  
  54  5:42  SCV  
  56  5:46  Starport Reactor  
  56  5:48  Marine x2  
  59  5:52  SCV  
  59  5:54  SCV  
  59  5:55  Marine x2  
  59  5:56  Barracks, Terran Infantry Armor Level 1, Terran Infantry Weapons Level 1  
  63  5:58  Barracks  
  63  6:00  Orbital Command  
  63  6:04  SCV  
  63  6:07  SCV  
  63  6:10  Marine, Siege Tank  
  69  6:11  Marine  
  69  6:15  Marine  
  69  6:16  SCV  
  71  6:19  SCV  
  71  6:22  Marine  
  71  6:23  Medivac  
  71  6:24  Medivac  
  77  6:28  SCV  
  77  6:29  Marine, Orbital Command  
  77  6:31  Combat Shield, Marine x2, SCV  
  82  6:40  Supply Depot, SCV  
  82  6:41  Supply Depot  
  82  6:43  Siege Tank, Barracks Reactor, SCV  
  82  6:45  Barracks Reactor  
  87  6:52  SCV  
  89  6:54  SCV  
  89  6:55  SCV  
  90  7:01  Marine x2  
  90  7:02  Marine  
  90  7:04  SCV  
  90  7:05  Armory  
  90  7:06  Supply Depot, SCV  
  90  7:07  Supply Depot, Marine  
  90  7:08  SCV  
  97  7:09  Marine  
  97  7:12  Medivac x2  
  102  7:17  SCV  
  102  7:18  SCV  
  102  7:19  Marine x2  
  102  7:20  Marine, SCV  
  108  7:25  Refinery  
  108  7:26  Marine, Refinery  
  108  7:28  Marine, Siege Tank  
  113  7:36  SCV x2  
  111  7:38  Marine x3  
  111  7:39  SCV  
  111  7:41  Marine x2  
  111  7:42  Supply Depot  
  117  7:44  Factory  
  117  7:47  Marine x2  
  117  7:48  Marine x2  
  116  7:53  Terran Infantry Weapons Level 2  
  116  7:56  Marine x2  
  116  7:57  SCV x2  
  116  7:58  Supply Depot, SCV  
  121  8:00  Marine x2  
  121  8:03  Siege Tank  
  121  8:05  Supply Depot, Marine  
  127  8:06  Supply Depot  
  127  8:09  Terran Infantry Armor Level 2  
  127  8:10  Marine  
  127  8:12  Marine, SCV  
  129  8:15  SCV  
  129  8:17  Terran Vehicle Weapons Level 1, Marine x2  
  133  8:20  Supply Depot  
  133  8:22  Marine  
  133  8:26  Missile Turret  
  134  8:29  Missile Turret, Factory Tech Lab  
  134  8:31  Missile Turret  
  134  8:32  Marine x4  
  134  8:34  Marine  
  135  8:38  Marine x2  
  127  8:42  Thor  
  127  8:45  Marine  
  127  8:47  Marine  
  135  8:50  Thor  
  135  8:51  Marine  
  142  9:02  Supply Depot  
  142  9:03  Marine  
  142  9:05  Marine  
  142  9:09  Marine x2  
  146  9:15  Command Center  
  146  9:22  Command Center  
  146  9:23  Marine  
  147  9:24  Marine  
  147  9:25  Marine x4  
  147  9:26  Siege Tank  
  147  9:27  Medivac x2  
  147  9:29  Marine x2  
  147  9:30  Supply Depot  
  161  9:31  Marine  
  161  9:35  Missile Turret  
  161  9:36  Siege Tank  
  165  9:39  Supply Depot x2  
  165  9:40  Liberator x2  
  165  9:41  Marine  
  165  9:42  Marine  
  165  9:43  Marine  
  168  9:48  Marine x2  
  168  9:49  Marine  
  168  9:50  Marine  
  172  9:55  Marine  
  172  9:56  Supply Depot  
  179  10:00  Siege Tank  
  179  10:04  Marine x2  
  179  10:06  Sensor Tower  
  184  10:10  Barracks  
  184  10:11  Marine x2, Barracks  
  186  10:16  Terran Infantry Weapons Level 3  
  186  10:20  Marine x2  
  188  10:30  Siege Tank  
  188  10:31  Marine x2  
  193  10:41  Marine x3  
  193  10:42  Siege Tank  
  193  10:45  Marine  
  193  10:47  Planetary Fortress  
  193  10:49  Barracks  
  194  10:52  Marine  
  195  11:02  Command Center  
  195  11:03  Terran Infantry Armor Level 3  
  195  11:07  Barracks Tech Lab x2  
  195  11:11  Terran Vehicle Weapons Level 2  
  193  11:12  Marine  
  186  11:20  Sensor Tower  
  180  11:34  Marine  
  180  11:35  Marine x3, Marauder x3  
  180  11:36  Marine  
  180  11:37  Marine x2  
  191  11:46  Marine  
  142  11:47  Siege Tank  
  142  11:51  Siege Tank  
  142  11:52  Marine x3, Medivac x2  
  149  11:55  Marine  
  149  11:56  Marauder  
  149  11:57  Marauder x2  
  149  11:59  Marine  
  149  12:00  Marine x2  
  159  12:02  Barracks Tech Lab  
  158  12:08  Marine  
  158  12:10  Marine  
  158  12:12  Concussive Shells  
  158  12:14  Marine  
  158  12:15  Marine  
  162  12:18  Marine, Marauder x3  
  162  12:20  Siege Tank  
  162  12:22  Marine, Marauder  
  174  12:23  Siege Tank  
  174  12:24  Sensor Tower  
  174  12:25  Medivac  
  174  12:29  Medivac  
  181  12:33  Marine x2  
  181  12:36  Marine x2  
  185  12:51  Missile Turret  
  165  12:53  Missile Turret, Siege Tank  
  165  12:55  Marine x3, Missile Turret  
  165  12:56  Marine, Siege Tank, Marauder x2  
  165  12:57  Marauder  
  145  13:00  Marine x2  
  145  13:02  Marine  
  145  13:04  Marine  
  147  13:06  Marine  
  144  13:14  Planetary Fortress  
  144  13:21  Marine  
  144  13:24  Marine x2, Thor  
  144  13:25  SCV  
  154  13:27  SCV  
  154  13:31  Marine x2  
  154  13:33  Marine, Barracks Tech Lab  
  157  13:35  Marine x2, Marauder x2  
  157  13:39  Marine, Medivac x2  
  171  13:49  Marine x2  
  171  13:53  Marauder  
  171  13:54  Marine x2  
  171  13:55  Marine x2, Marauder  
  180  13:56  Marine  
  180  13:57  SCV  
  180  14:01  Marine  
  180  14:02  Missile Turret  
  181  14:03  Missile Turret  
  181  14:04  Marine  
  181  14:07  Marine  
  181  14:08  Liberator  
  181  14:09  Liberator  
  183  14:12  Marine x2  
  183  14:13  Marauder  
  176  14:23  Starport  
  176  14:24  Marine  
  176  14:25  Refinery  
  176  14:26  Refinery, Siege Tank, Starport  
  176  14:36  Siege Tank  
  176  14:38  Marine  
  133  14:40  Marine x3, Marauder  
  133  14:41  Marauder  
  133  14:42  Marauder  
  133  14:44  Marine  
  115  14:48  Barracks Reactor  
  115  14:50  Barracks Reactor  
  115  14:52  SCV x2  
  115  14:54  Refinery  
  115  14:56  Marine  
  115  14:57  SCV  
  115  14:58  Marine, Siege Tank  
  121  15:02  Marine x3, Marauder  
  121  15:03  Marine  
  121  15:05  SCV x2  
  129  15:10  Marine, SCV  
  129  15:14  Marine  
  131  15:15  Marine, Siege Tank  
  131  15:20  Marine  
  131  15:21  SCV  
  138  15:22  Marine x2, Marauder  
  138  15:23  Marine  
  138  15:26  Marine  
  138  15:27  Marine x2  
  146  15:29  Marauder  
  154  15:37  Marine x2  
Tags
 
Add a new tag
Caveats
  • Supply blocks, unpowered buildings, or Contaminate may cause inaccurate times.
  • Supply counts are checked every 10 seconds.